 Dungeon Crawl Stone Soup version 0.21-a0-85-ga0cb861 (webtiles) character file.

77 HAL9000 the Chucker (level 4, -2/45 HPs)
             Began as an Ogre Hunter on June 25, 2017.
             Slain by a gnoll
             ... wielding a +0 halberd
              (10 damage)
             ... on level 2 of the Dungeon.
             The game lasted 00:03:31 (1533 turns).

HAL9000 the Chucker (Ogre Hunter)                   Turns: 1533, Time: 00:03:32

Health: -2/45      AC:  3    Str: 17    XL:     4   Next: 33%
Magic:  4/4        EV: 10    Int: 12    God:
Gold:   114        SH:  0    Dex:  9    Spells: 3/3 levels left

rFire    . . .     SeeInvis .   k - +0 mace
rCold    . . .     Gourm    .   (no shield)
rNeg     . . .     Faith    .   b - +0 robe
rPois    .         Spirit   .   (helmet restricted)
rElec    .         Reflect  .   (no cloak)
rCorr    .         Harm     .   (gloves unavailable)
MR       .....                  (boots unavailable)
Stlth    +.........             (no amulet)
HPRegen  0.15/turn              (no ring)
MPRegen  0.09/turn              (no ring)

@: no status effects
A: unfitting armour, tough skin 1
a: no special abilities


You were on level 2 of the Dungeon.
You were not hungry.

You visited 1 branch of the dungeon, and saw 2 of its levels.

You collected 114 gold pieces.

Inventory:

Hand Weapons
 k - a +0 mace (weapon)
Missiles
 c - 5 large rocks (quivered)
 d - 2 throwing nets
Armour
 b - a +0 robe (worn)
Scrolls
 g - 2 scrolls of teleportation {unknown}
 i - 2 scrolls of amnesia {unknown}
 j - 3 scrolls of identify {unknown}
 n - a scroll of fog {unknown}
 q - 2 scrolls of remove curse {unknown}
 r - a scroll of enchant armour {unknown}
 u - a scroll of magic mapping {unknown}
Potions
 m - a potion of resistance {unknown}
 p - a potion of lignification {unknown}
 s - a potion of agility
 t - a potion of heal wounds {unknown}
 w - a potion of curing {unknown}
Comestibles
 f - 3 bread rations
 l - a meat ration
 o - 5 fruits
 v - a chunk of flesh


   Skills:
 - Level 3.1 Fighting
 + Level 3.2 Maces & Flails
 - Level 4.0 Throwing
 - Level 1.7 Dodging
 - Level 0.6 Stealth


You had 3 spell levels left.
You didn't know any spells.

Dungeon Overview and Level Annotations

Branches:
Dungeon (2/15)

Altars:


Innate Abilities, Weirdness & Mutations

You are too large for most types of armour.
You have tough skin. (AC +1)


Message History

The gnoll is lightly wounded.
The gnoll closely misses you. The gnoll hits you but does no damage.
A gnoll comes into view. It is wielding a halberd.
You barely miss the gnoll.
The gnoll is lightly wounded.
The gnoll hits you from afar with a spear.
The gnoll hits you with a spear.
The gnoll moves out of view.
The gnoll hits you from afar with a spear.
Unknown command.
The gnoll hits you from afar with a spear.
The gnoll shouts!
The gnoll hits you from afar with a halberd!
* * * LOW HITPOINT WARNING * * *
The gnoll closely misses you.
There is a stone staircase leading up here.
Unknown command.
The gnoll hits you from afar with a spear.
* * * LOW HITPOINT WARNING * * *
The gnoll hits you from afar with a halberd!
You die...

#(#####...........##.....##......
#.)(.##..##....#####...(.#####.##
####.###....##...###.##...†......
#......#.......#..##.######...
###..#g###g#.#.......# ##.#
#...#g# #g....##..####### #.#
#.#.#.. ##gg...#........# #..
#####.#..##.#.[.............###..
......##.##.#...@................
.....###.##........(.............
.....# #.###.#.....#........#.#..
.....# #.....#..............#†#..
.....###....................#.#..
......................#..####.#..
.....##.#.............##.## #.#..
.....##...............##..# #.###
.....####.........#.#...#.# #.#


You could see 4 gnolls.

Vanquished Creatures
  4 adders
  A dart slug (D:2)
  5 giant cockroaches
  2 goblins
  4 hobgoblins
  4 jackals (D:2)
  5 kobolds
  A quokka (D:2)
  A ball python (D:2)
  5 bats
  2 frilled lizards
  6 rats
40 creatures vanquished.

Vanquished Creatures (others)
  A leopard gecko (D:2)
  A bat (D:2)
  A rat (D:2)
3 creatures vanquished.

Grand Total: 43 creatures vanquished

Notes
Turn   | Place    | Note
-------+----------+-------------------------------------------
     0 | D:1      | HAL9000 the Ogre Hunter began the quest for the Orb.
     0 | D:1      | Reached XP level 1. HP: 22/22 MP: 1/1
   186 | D:1      | Reached skill level 1 in Maces & Flails
   186 | D:1      | Reached XP level 2. HP: 19/31 MP: 2/2
   629 | D:1      | Reached XP level 3. HP: 30/37 MP: 3/3
  1237 | D:2      | Reached XP level 4. HP: 30/45 MP: 4/4
  1533 | D:2      | Slain by a gnoll

Vault maps used:
D:1:      dpeg_arrival_concentric_ovals, serial_glass, glass_columns_a,
          glass_columns_b, glass_columns_b, glass_columns_a, glass_columns_a,
          glass_columns_b, item_on_display_a, hangedman_feature_mirror
D:2:      first_bread, interstate_on_off, lemuel_old_faithful

Skill      XL: |  1  2  3 |
---------------+----------+-----
Fighting       | 3 |  3.1
Maces & Flails | 1 2 3 |  3.2
Throwing       | |  4.0
Dodging        | |  1.7
Stealth        | |  0.6

Action                   |  1- 3 |  4- 6 || total
-------------------------+-------+-------++-------
Melee: Mace              |   123 |    34 ||   157
       Short sword       |    15 |       ||    15
  Eat: Chunk             |     1 |     1 ||     2
Armor: Robe              |    68 |    10 ||    78
Dodge: Dodged            |   121 |    25 ||   146
